 Dungeon Crawl Stone Soup version 0.32-a0-411-g744942f433 (webtiles) character file.

Game seed: 8554955877695919511

206 zeratav the Chopper (level 5, -2/45 HPs)
             Began as a Minotaur Fighter on Feb 21, 2024.
             Incinerated by a bombardier beetle (4 damage)
             ... with a burning spray
             ... on level 4 of the Dungeon.
             The game lasted 00:03:06 (2032 turns).

zeratav the Chopper (Minotaur Fighter)              Turns: 2032, Time: 00:03:06

Health: -2/45      AC:  0    Str: 23    XL:     5   Next: 53%
Magic:  4/4        EV: 11    Int:  5    God:
Gold:   225        SH:  5    Dex: 15    Spells: 4/4 levels left

rFire   . . .        a - +0 war axe {axe}
rCold   . . .        c - +0 buckler
rNeg    . . .        (no body armour)
rPois   .            (helmet restricted)
rElec   .            (no cloak)
rCorr   .            (no gloves)
SInv    .            (no boots)
Will    .....        (no amulet)
Stlth   +            e - ring of flight
HPRegen 0.27/turn    g - +6 ring of dexterity
MPRegen 0.09/turn

%: no passive effects
@: on fire, flying, glowing
A: horns 2, retaliatory headbutt
a: no special abilities


You were on level 4 of the Dungeon.
You visited 1 branch of the dungeon, and saw 4 of its levels.

You collected 225 gold pieces.


Innate Abilities, Weirdness & Mutations

You have a pair of horns on your head.
You reflexively headbutt those who attack you in melee.


   Skills:
 - Level 3.6 Fighting
 + Level 7.1 Axes
 - Level 3.6 Armour
 - Level 3.6 Shields


You had 4 spell levels left.
You didn't know any spells.
Your spell library contained the following spells:

 Spells                   Type           Power      Damage    Failure   Level
 Cigotuvi's Dreadful Rot  Necr/Alch/Air  0%         N/A       67%         2
 Ensorcelled Hibernation  Hex/Ice        0%         N/A       67%         2
 Frozen Ramparts          Ice            0%         1d1       88%         3
 Passwall                 Erth           0%         N/A       88%         3
 Swiftness                Air            0%         N/A       88%         3
 Ignite Poison            Fire/Alch      0%         N/A       99%         4
 Leda's Liquefaction      Alch/Erth      0%         N/A       99%         4
 Petrify                  Alch/Erth      0%         N/A       99%         4
 Freezing Cloud           Conj/Ice/Air   0%         6-21      100%        5
 Metabolic Englaciation   Hex/Ice        0%         N/A       100%        5

Inventory:

Hand Weapons
 a - a +0 war axe (weapon) {axe}
 r - a +2 trident of protection {polearm}
   (You took it off an orc on level 3 of the Dungeon)
Missiles
 i - 5 poisoned darts (quivered) {throwing}
Armour
 b - a +0 scale mail
 c - a +0 buckler (worn)
 t - a +0 cloak
   (You found it on level 4 of the Dungeon)
 v - an orb of light
   (You found it on level 4 of the Dungeon)
 x - the +5 ring mail "Vymuosk" {rElec rN+ Str+3}
   (You found it on level 4 of the Dungeon)

   Str+3:     It affects your strength (+3).
   rElec:     It insulates you from electricity.
   rN+:       It protects you from negative energy.
Jewellery
 e - a ring of flight (left hand)
   (You found it on level 1 of the Dungeon)
 g - a +6 ring of dexterity (right hand)
   (You found it on level 1 of the Dungeon)
Wands
 n - a wand of mindburst (16)
   (You found it on level 3 of the Dungeon)
Scrolls
 h - 2 scrolls of brand weapon {unknown}
 j - 4 scrolls of identify {unknown}
 l - a scroll of enchant weapon {unknown}
 m - a scroll of enchant armour {unknown}
 p - a scroll of acquirement {unknown}
 w - a scroll of revelation {unknown}
Potions
 d - a potion of might
 f - a potion of mutation {unknown}
 k - 2 potions of haste {unknown}
 o - a potion of curing {unknown}
 q - 2 potions of cancellation {unknown}
 s - a potion of heal wounds {unknown}
 u - a potion of degeneration {unknown}

Dungeon Overview and Level Annotations

Branches:
Dungeon (4/15) Zot: 21936
 Temple: D:4-7

Altars:
Hepliaklqana
Ru
Xom

Shops:
D:2 (

Portals:
Sewer: D:4

.....## ..# ......##
#.#.# ...#...# #.....#
..##.#.##..#... #
####......#..##... #
.......####.....# .#
.##.<......†..####.#
.#.#######.....W...##.##
..# ##.....@.S..... #.#
#............. ..#
#.............
#~~.............
∩##.............
#.............
#.............
..............
.....?........


You could see a phantom and a ball python.


Message History

You kill the goblin!
HP[+1] No target in view!
A ball python comes into view.
HP[+4]
Your hp is fully restored (45).
A ball python is nearby!
Unknown command.
The ball python hisses angrily.
The ball python barely misses you. You furiously retaliate!
You headbutt the ball python.
You kill the ball python!
You see here a +0 dagger {short}.
No target in view!
No target in view!
An endoplasm comes into view.
You see here an orb of light.
You hit the endoplasm.
You kill the endoplasm!
v - an orb of light You hear the slow rusting of a drain very nearby.
A ball python comes into view.
The ball python hisses angrily.
You see here a book of Burglary.
Found a stone staircase leading down.
The ball python barely misses you. The ball python grabs you.
The ball python constricts you.
You closely miss the ball python. Your headbutt misses the ball python.
The ball python barely misses you. The ball python constricts you.
HP[-1]
You take 1 damage, and now have 44/45 hp.
You barely miss the ball python. You headbutt the ball python.
You kill the ball python!
You pick up a book of Burglary and begin reading...
You add the spells Ensorcelled Hibernation, Swiftness and Passwall to your library.
HP[+1]
Your hp is fully restored (45).
Found a stone staircase leading up.
j - 3 scrolls labelled RUCIZO PAGIV (gained 1)
j - 4 scrolls labelled RUCIZO PAGIV (gained 1)
w - a scroll labelled TYDIUMI FEET
Found a stone staircase leading up.
x - the +5 ring mail "Vymuosk" {rElec rN+ Str+3} You start removing your armour.
You continue removing your +0 scale mail. x4
You finish removing your +0 scale mail.
The bombardier beetle sprays incendiary fluid at you.
The burning spray hits you.
You are covered in liquid fire!
A phantom comes into view.
You shake off some of the fire as you move.
The liquid fire burns you!
HP[-3]
You take 3 damage, and now have 42/45 hp.
You slash the bombardier beetle! The liquid fire burns you!
The bombardier beetle sprays incendiary fluid at you.
The burning spray hits you.
You are even more covered in liquid fire!
HP[-4]
You take 4 damage, and now have 38/45 hp.
You slash the bombardier beetle!
You kill the bombardier beetle!
You barely miss the phantom. The liquid fire burns you! The phantom hits you.
The phantom blinks!
You blink.
A ball python comes into view.
Found a scroll labelled ZUSSAC CEEC.
Found an escape hatch in the ceiling and a glowing drain.
The phantom hits you.
* * * LOW HITPOINT WARNING * * *
Your Axes skill increases to level 7!
HP[-16]
You take 16 damage, and now have 22/45 hp.
MASSIVE DAMAGE!! (PAUSE)
You closely miss the phantom. You headbutt the phantom.
The liquid fire burns you!
* * * LOW HITPOINT WARNING * * *
The phantom hits you.
* * * LOW HITPOINT WARNING * * *
The phantom blinks!
You blink.
HP[-6]
You take 6 damage, and now have 16/45 hp.
You miss the phantom. The liquid fire burns you!
* * * LOW HITPOINT WARNING * * *
The phantom closely misses you.
HP[-5]
You take 5 damage, and now have 11/45 hp.
You closely miss the phantom. The liquid fire burns you!
* * * LOW HITPOINT WARNING * * *
The phantom hits you.
* * * LOW HITPOINT WARNING * * *
HP[-9]
You take 9 damage, and now have 2/45 hp.
You slash the phantom! The liquid fire burns you!
You die...

Skill      XL: |  1  2  3  4  5 |
---------------+----------------+-----
Axes           | 3 4 5 6 7 |  7.1
Fighting       | |  3.6
Armour         | |  3.6
Shields        | |  3.6

Action                     |  1- 3 |  4- 6 || total
---------------------------+-------+-------++-------
  Melee: War axe           |    63 |    54 ||   117
         Headbutt          |     9 |    10 ||    19
 Armour: Scale mail        |    41 |    28 ||    69
         Skin              |       |     4 ||     4
  Dodge: Dodged            |    26 |    21 ||    47
  Block: Buckler           |    19 |     6 ||    25

Levels and vault maps discovered:
D:1:      minmay_arrival_stair_chambers, layout_basic, nicolae_titane
D:2:      layout_basic, serial_shops, shop, shapermc_ecumenical_altar_pompeii
D:3:      layout_basic, regret_index_temple_of_mockery, old_standard_altar
D:4:      minmay_thinvault, layout_rooms,
          mainiacjoe_sewer_entry_somewhere_in_here_1, wad_rectangle_vault,
          uniq_ijyb

Notes
Turn   | Place    | Note
-------+----------+-------------------------------------------
     0 | D:1      | zeratav the Minotaur Fighter began the quest for the Orb.
     0 | D:1      | Reached XP level 1. HP: 19/19 MP: 0/0
     0 | D:1      | magus.rc [v1.9.6]
    67 | D:1      | Reached skill level 3 in Axes
   166 | D:1      | You add the spells Cigotuvi's Dreadful Rot, Ignite Poison
                  | and Freezing Cloud to your library.
   176 | D:1      | Reached XP level 2. HP: 26/26 MP: 1/1
   399 | D:1      | Reached skill level 4 in Axes
   638 | D:1      | Reached XP level 3. HP: 31/31 MP: 2/2
   893 | D:2      | Found a faded altar of an unknown god.
   918 | D:2      | Reached skill level 5 in Axes
   939 | D:2      | Reached XP level 4. HP: 38/39 MP: 3/3
  1005 | D:2      | Found Roson Qolergh's Weapon Shoppe.
  1204 | D:3      | You pick up a book of Sloth and begin reading...
  1204 | D:3      | You add the spells Frozen Ramparts, Leda's Liquefaction,
                  | Petrify and Metabolic Englaciation to your library.
  1505 | D:3      | Reached skill level 6 in Axes
  1543 | D:3      | Reached XP level 5. HP: 45/45 MP: 4/4
  1625 | D:3      | Found a hazy altar of Hepliaklqana.
  1626 | D:3      | Found a shimmering altar of Xom.
  1626 | D:3      | Noticed a yak
  1627 | D:3      | Noticed a spectral ugly thing
  1627 | D:3      | Noticed a yak
  1742 | D:3      | Found a sacrificial altar of Ru.
  1997 | D:4      | You pick up a book of Burglary and begin reading...
  1997 | D:4      | You add the spells Ensorcelled Hibernation, Swiftness and
                  | Passwall to your library.
  2016 | D:4      | Identified the +5 ring mail "Vymuosk" {rElec rN+ Str+3}
  2026 | D:4      | Noticed a phantom
  2028 | D:4      | Found a glowing drain.
  2029 | D:4      | Reached skill level 7 in Axes
  2030 | D:4      | HP: 11/45 [burnt (5)]
  2031 | D:4      | HP: 2/45 [phantom (5)]
  2032 | D:4      | Incinerated by a bombardier beetle

Vanquished Creatures
  A bombardier beetle (D:4)
  A sleepcap (D:3)
  4 adders
  2 ribbon worms
  A dart slug (D:2)
  An orc (D:3)
  4 ball pythons
  6 endoplasms
  3 giant cockroaches
  8 goblins
  5 hobgoblins
  8 kobolds
  2 quokkas
  4 bats
  A frilled lizard (D:3)
  6 rats
57 creatures vanquished.

Table legend:
 A = Non-vault XP
 B = Vault XP
 C = Vault XP percentage of total XP
 D = Non-vault monster count
 E = Vault monster count
 F = Vault count percentage of total count
                 A         B        C        D         E       F
            +---------+---------+-------+---------+---------+-------
      Total |     295 |       0 |   0.0 |      57 |       0 |   0.0
            +---------+---------+-------+---------+---------+-------
        D:1 |      46 |       0 |   0.0 |      17 |       0 |   0.0
        D:2 |      74 |       0 |   0.0 |      16 |       0 |   0.0
        D:3 |     110 |       0 |   0.0 |      17 |       0 |   0.0
        D:4 |      65 |       0 |   0.0 |       7 |       0 |   0.0
            +---------+---------+-------+---------+---------+-------

Skill      XL: |  1  2  3  4  5 |
---------------+----------------+-----
Axes           | 3 4 5 6 7 |  7.1
Fighting       | |  3.6
Armour         | |  3.6
Shields        | |  3.6

Action                     |  1- 3 |  4- 6 || total
---------------------------+-------+-------++-------
  Melee: War axe           |    63 |    54 ||   117
         Headbutt          |     9 |    10 ||    19
 Armour: Scale mail        |    41 |    28 ||    69
         Skin              |       |     4 ||     4
  Dodge: Dodged            |    26 |    21 ||    47
  Block: Buckler           |    19 |     6 ||    25

Illustrated notes

Table legend:
 A = Kills in this place as a percentage of kills in the entire game.
 B = Kills by you in this place as a percentage of kills by you in the entire game.
 C = Kills by friends in this place as a percentage of kills by friends in the entire game.
 D = Other kills in this place as a percentage of other kills in the entire game.
 E = Experience gained in this place as a percentage of experience gained in the entire game.
 F = Experience gained in this place divided by the number of levels of this place that you have seen.
                   A       B       C       D       E      F
               +-------+-------+-------+-------+-------+----------------------
         Total | 100.0 | 100.0 |   N/A |   N/A | 100.0 |  73.8
       Dungeon | 100.0 | 100.0 |   N/A |   N/A | 100.0 |  73.8
               +-------+-------+-------+-------+-------+----------------------

Table legend: (Time is in decaauts)
 A = Elapsed time spent in this place.
 B = Non-inter-level travel time spent in this place.
 C = Inter-level travel time spent in this place.
 D = Time resting spent in this place.
 E = Time spent auto-exploring this place.
 F = Levels seen in this place.
 G = Mean time per level.
                   A        B        C        D        E       F      G
               +--------+--------+--------+--------+--------+-----+--------+
         Total |   2063 |   2010 |     53 |      0 |   1652 |   4 |  515.8 |
       Dungeon |   2063 |   2010 |     53 |      0 |   1652 |   4 |  515.8 |
               +--------+--------+--------+--------+--------+-----+--------+

Top non-repeatable levels by time:
     D:1: 793 daAuts
     D:3: 753 daAuts
     D:2: 422 daAuts
     D:4: 94 daAuts
